 Dungeon Crawl Stone Soup version 0.20.1-1-g8b1a95d (webtiles) character file.

308 letownia2 the Grave Robber (level 6, -4/49 HPs)
             Began as a Deep Dwarf Necromancer on Nov 26, 2017.
             Killed by nerve-wracking pain
             ... invoked by a shadow imp
              (8 damage)
             ... on level 5 of the Dungeon.
             The game lasted 00:06:04 (2380 turns).

letownia2 the Grave Robber (Deep Dwarf Necromancer) Turns: 2380, Time: 00:06:06

Health: -4/49      AC:  7    Str: 12    XL:     6   Next: 16%
Magic:  10/10      EV:  9    Int: 17    God:
Gold:   55         SH:  0    Dex: 18    Spells: 7/11 levels left

rFire    . . .     SeeInvis .   (no weapon)
rCold    . . .     Gourm    .   (no shield)
rNeg     . . .     Faith    .   r - +0 scale mail
rPois    .         Spirit   .   (no helmet)
rElec    .         Reflect  .   j - +0 cloak
rCorr    .         Harm     .   (no gloves)
MR       .....                  (no boots)
Stlth    +.........             (no amulet)
Regen    0.0/turn               o - +5 ring of dexterity
MPRegen  0.2/turn               (no ring)

@: non-regenerating
A: damage resistance, heal wounds, sense surroundings 1, no regeneration
a: Heal Wounds


You were on level 5 of the Dungeon.
You were very hungry.

You visited 1 branch of the dungeon, and saw 5 of its levels.

You collected 55 gold pieces.

Inventory:

Hand Weapons
 l - a +1 vampiric spear
Armour
 a - a +0 robe
 j - a +0 cloak (worn)
 k - a +0 pair of boots
 r - a +0 scale mail (worn)
Jewellery
 o - a +5 ring of dexterity (left hand)
 q - a cursed ring of loudness {unknown}
Scrolls
 d - 5 scrolls of teleportation {unknown}
 f - a scroll of immolation {unknown}
 g - a scroll of enchant weapon {unknown}
 i - 2 scrolls of enchant armour {unknown}
 m - a scroll of silence {unknown}
Potions
 e - a potion of heal wounds {unknown}
 n - a potion of resistance {unknown}
 p - a potion of haste {unknown}
Books
 b - a book of Necromancy

   Spells                             Type                      Level
   a - Pain                           Necromancy                   1
   b - Animate Skeleton               Necromancy                   1
   c - Vampiric Draining              Necromancy                   3
   d - Regeneration                   Charms/Necromancy            3
   e - Animate Dead                   Necromancy                   4
   f - Control Undead                 Necromancy                   4
Comestibles
 c - a bread ration
 h - 2 royal jellies


   Skills:
 + Level 0.0 Armour
 - Level 2.1 Dodging
 - Level 2.4 Stealth
 - Level 3.0 Spellcasting
 + Level 7.5 Necromancy


You had 7 spell levels left.
You knew the following spells:

 Your Spells              Type           Power        Failure   Level  Hunger
a - Pain                  Necr           ####         4%          1    None
v - Vampiric Draining     Necr           ####......   13%         3    ###....


Dungeon Overview and Level Annotations

Branches:
Dungeon (5/15)
 Temple: D:4-7

Altars:
Vehumet

Shops:
D:5 !

Annotations:
D:3 soepske's ghost, amateur FoAK
D:4 exclusion: ogre, Menkaure
D:5 DIG


Innate Abilities, Weirdness & Mutations

You are resistant to damage.
You can heal yourself by infusing magical energy.
You passively map a small area around you.
You do not regenerate.


Message History

You barely miss the shadow imp.
The shadow imp hits you but does no damage.
Unknown command.
Found a pair of boots.
The shadow imp gestures at you. Pain shoots through your body!
* * * LOW HITPOINT WARNING * * *
The shadow imp gestures at you. You resist with significant effort.
Found a royal jelly.
You see here a pair of boots.
k - a pair of boots The shadow imp grinds its teeth.
Found a stone staircase leading down.
There is a stone staircase leading down here.
Found a stone staircase leading down.
There is a stone staircase leading down here.
The shadow imp gestures at you. Pain shoots through your body!
You die...

#.# , #.# * *
########.# *
#........# *
,....##>###.#
* *# * #.#
#.# * #.# #.#
.##########.#
#.########
.......@5...#
#......%..
#############
#######.## *
* * #.# *,, ,
#.# * #. #.#
, #.# #.# # #
#.# #.#
#.#######.##
#.# #
##.##.......#
#.#


You could see a shadow imp.

Vanquished Creatures
  A centaur (D:5)
  An ogre (D:4)
  2 hounds (D:4)
  An iguana (D:4)
  A worker ant (D:4)
  An adder (D:4)
  An ooze (D:4)
  An adder skeleton (D:5)
  2 dart slugs
  A leopard gecko (D:4)
  2 giant cockroaches
  2 goblins (D:2)
  2 hobgoblins
  A jackal (D:4)
  A quokka (D:4)
  2 frilled lizards
  3 kobolds
25 creatures vanquished.

Notes
Turn   | Place    | Note
-------+----------+-------------------------------------------
     0 | D:1      | letownia2 the Deep Dwarf Necromancer began the quest for the Orb.
     0 | D:1      | Reached XP level 1. HP: 15/15 MP: 3/3
   279 | D:2      | Reached XP level 2. HP: 11/22 MP: 1/5
   425 | D:3      | Noticed soepske's ghost (amateur FoAK)
   516 | D:4      | Found a radiant altar of Vehumet.
   593 | D:4      | Noticed Menkaure
   630 | D:4      | Noticed an ogre
   656 | D:4      | Reached skill level 5 in Necromancy
   656 | D:4      | Reached XP level 3. HP: 9/28 MP: 1/6
   661 | D:4      | Learned a level 3 spell: Vampiric Draining
   763 | D:4      | Reached XP level 4. HP: 16/36 MP: 1/8
  1320 | D:4      | Noticed an ogre
  1572 | D:4      | Killed an ogre
  1572 | D:4      | Reached skill level 6 in Necromancy
  1572 | D:4      | Reached XP level 5. HP: 39/42 MP: 1/9
  1745 | D:5      | Entered Level 5 of the Dungeon
  1859 | D:5      | Noticed a centaur
  1868 | D:5      | Killed a centaur
  1868 | D:5      | Reached skill level 7 in Necromancy
  1868 | D:5      | Reached XP level 6. HP: 23/49 MP: 2/10
  2067 | D:5      | Found Boudi's Distillery.
  2380 | D:5      | Killed from afar by a shadow imp

Skill      XL: |  1  2  3  4  5 |
---------------+----------------+-----
Spellcasting   | 2 3 |  3.0
Necromancy     | 5 6 7 |  7.5
Dodging        | |  2.1
Stealth        | |  2.4

Action                   |  1- 3 |  4- 6 || total
-------------------------+-------+-------++-------
Melee: Unarmed           |    11 |    20 ||    31
 Cast: Pain              |    32 |    15 ||    47
       Vampiric Draining |     1 |    12 ||    13
  Eat: Chunk             |       |     4 ||     4
       Fruit             |       |     1 ||     1
Armor: Robe              |     1 |     5 ||     6
       Scale mail        |       |     1 ||     1
Dodge: Dodged            |    25 |    38 ||    63
